Mikage, lawful female human Samurai -------- |......| |....<.| |......| |......| #####-......| # -------- # | # ..... #########@# ---- Mikage the Joshu Experience level: 12 Strength: 25 Dexterity: 18 Constitution: 16 Intelligence: 10 Wisdom: 14 Charisma: 11 Health: 100(107) Energy: 57(57) AC: 2 Gold: 1240 Moves: 9376 Your Inventory: Coins $ - 1240 gold pieces Weapons b - an uncursed +3 wakizashi (weapon in hand) c - an uncursed +0 yumi k - an uncursed +0 katana s - 11 blessed +2 thirsty shuriken N - an uncursed +0 ya (in quiver) Armor m - an uncursed rustproof +0 splint mail (being worn) r - an [uncursed] +0 kabuto (being worn) A - an uncursed +0 pair of gauntlets of power (being worn) F - an uncursed rotted +0 pair of water walking boots (being worn) R - an [uncursed] rotted +0 tattered cape [cloak of invisibility] (being worn) Comestibles d - an [uncursed stale] egg w - 2 [uncursed] fortune cookies I - an [uncursed] partly eaten gunyoki W - an [uncursed] sprig of wolfsbane X - 3 [uncursed] oranges Z - 2 [uncursed] gunyoki Scrolls i - an [uncursed] scroll labeled THARR [of create monster] n - an [uncursed] scroll of enchant weapon q - an [uncursed] scroll of blank paper v - a [blessed] scroll labeled THARR [of create monster] y - an [uncursed] scroll labeled ANDOVA BEGARIN [of enchant armor] D - an [uncursed] scroll labeled NR 9 [of remove curse] U - an [uncursed] scroll of earth Spellbooks O - an uncursed spellbook of identify Potions M - a [blessed] potion of object detection S - a [cursed] potion of object detection Rings a - an [uncursed] brass ring [of fire resistance] e - an uncursed ring of levitation h - an uncursed ring of aggravate monster j - an uncursed ring of teleport control (on right hand) p - an uncursed ring of free action u - a cursed ring of polymorph C - a cursed ring of teleportation G - an uncursed +1 ring of gain wisdom (on left hand) H - a cursed -1 ring of increase accuracy Wands l - a cursed wand of cancellation (0:0) V - an uncursed wand of speed monster (0:5) Y - a cursed wand of create monster (0:14) Tools f - an uncursed blindfold t - an [uncursed tin] whistle L - an [uncursed] looking glass [mirror] Gems g - an [uncursed] orange gem [worthless glass] o - 2 [uncursed] white gems [worthless glass] x - 2 [uncursed] black gems [jet] z - an [uncursed] yellow gem [chrysoberyl] E - an [uncursed] yellowish brown gem [worthless glass] K - an [uncursed] green gem [jade] Q - 2 [uncursed] black gems [black opal] Spells known in the end: Name Level Category Fail Memory Your skills at the end: Fighting Skills martial arts [Basic / Master] Weapon Skills short sword [Basic / Expert] long sword [Basic / Expert] bow [Basic / Expert] Spellcasting Skills Final Attributes: You were piously aligned. Hunger level was 698. Your alignment was 56 / 56. Monster difficulty range was 2 - 12. Level difficulty was 12. You resisted poison. You saw invisible. You were invisible to others. You could teleport. You had teleport control. You could walk on water. Your luck was zero. You are dead (2nd time!). Vanquished creatures: Aphrodite a giant mimic a large mimic a wumpus a water elemental 4 small mimics a quantum mechanic a large dog a flaming sphere a shocking sphere a tiger a soldier 2 chameleons a crocodile 2 giant beetles a cockatrice a wolf a lynx 7 leprechauns a mumak a scorpion 2 black lights 2 vampire bats 2 gnome kings an orc mummy 3 brown puddings 2 Green-elves a chickatrice a housecat a dust vortex a raven a plains centaur 8 apes 2 rope golems a Woodland-elf 3 snow ants a bugbear a quasit 6 wood nymphs 3 water nymphs 8 mountain nymphs a rock piercer 5 enormous rats 2 rock moles a fog cloud 4 yellow lights a shrieker 2 gnome lords a kobold mummy a golden naga hatchling a gray ooze 2 giant ants a little dog a floating eye a kitten a homunculus 3 kobold lords 10 hill orcs 7 rothes a rabid rat 3 giant bats a monkey 2 dwarf zombies a wererat 3 muggers 4 iguanas 3 killer bees an acid blob 2 gas spores 2 manes a large kobold 2 hobgoblins 3 cave spiders 3 yellow molds 5 gnomes 2 geckos 5 foxes 2 goblins 7 sewer rats 9 grid bugs 6 bats 8 lichens a kobold zombie 2 newts 206 creatures vanquished. Voluntary challenges: You used a wielded weapon 305 times. You read items or engraved 12 times. You put on armor 14 times. You never genocided any monsters. You never polymorphed an object. You changed form 1 time. You used no wishes. You never wrote Elbereth's name. You never encountered a bones level. You used 1 Sokoban shortcut. Dungeon overview: The Dungeons of Doom: levels 1 to 12 Level 1 an altar a long staircase Level 3 a long staircase Level 4 an armor shop Level 5 a fountain Level 6 an altar to Amaterasu Omikami, a fountain Level 7 many fountains Level 8 stairs to Sokoban Level 10 a fountain stairs to Town Level 12 <- You were here Sokoban: levels 6 to 7 Level 7 a magic chest stairs to The Dungeons of Doom Town: levels 7 to 9 Level 7 many shops, some fountains, a sink Level 8 many fountains, many trees Level 9 stairs to The Dungeons of Doom History has recorded: On T:1 you entered the Dungeons of Doom to retrieve the Amulet of Yendor! On T:354 you advanced to experience level 2. On T:372 you reached level 2 of The Dungeons of Doom. On T:725 you reached level 3 of The Dungeons of Doom. On T:1014 you advanced to experience level 3. On T:1043 you advanced to experience level 4. On T:1183 you advanced to experience level 5. On T:1228 you reached level 4 of The Dungeons of Doom. On T:1480 you advanced to experience level 6. On T:1521 you reached level 5 of The Dungeons of Doom. On T:1791 you reached level 6 of The Dungeons of Doom. On T:2547 you reached level 7 of The Dungeons of Doom. On T:2592 you advanced to experience level 7. On T:2889 you were saved from death by your amulet of life saving! On T:2931 you advanced to experience level 8. On T:3105 you reached level 8 of The Dungeons of Doom. On T:3357 you reached level 3 of Sokoban. On T:4267 you reached level 2 of Sokoban. On T:4896 you advanced to experience level 9. On T:4948 you reached level 9 of The Dungeons of Doom. On T:5014 you reached level 10 of The Dungeons of Doom. On T:5123 you reached level 3 of Town. On T:5134 you reached level 2 of Town. On T:6222 you killed Aphrodite on level 2 of Town. On T:6853 you reached level 1 of Town. On T:7400 you advanced to experience level 10. On T:8833 you reached level 11 of The Dungeons of Doom. On T:9334 you reached level 12 of The Dungeons of Doom. Latest messages: The thirsty shuriken draws the life from the flaming sphere! You kill the flaming sphere! s - a blessed +2 thirsty shuriken. s - 2 blessed +2 thirsty shuriken. You can't go down here. You see here a gunyoki. Z - a gunyoki. You hear a door open. The door opens. The locust bites! The locust stings! You feel deathly sick. [HP-8=99] You hit the locust! The locust bites! The locust stings! You feel much worse. [HP-7=92] [HP+3=95] [HP+3=98] [HP+2=100] You die from your illness. Final status: Sayonara Mikage the Samurai... You were poisoned in The Dungeons of Doom on dungeon level 12 with 4686 points, and 1240 pieces of gold, after 9376 moves. You were level 12 with a maximum of 107 hit points when you were poisoned.